 Dungeon Crawl Stone Soup version 0.19-a0-934-gf1df8d1 (webtiles) character file.

776 ololoev the Ruffian (level 7, 0/67 HPs)
             Began as a Troll Warper on July 7, 2016.
             Was a Follower of Uskayaw.
             Slain by tstbtto's ghost (4 damage)
             ... on level 5 of the Dungeon.
             The game lasted 00:09:52 (3683 turns).

ololoev the Ruffian (Troll Warper)                  Turns: 3683, Time: 00:09:53

Health: 0/67       AC:  6    Str: 22    XL:     7   Next: 54%
Magic:  3/9        EV: 10    Int:  9    God:    Uskayaw [*.....]
Gold:   199        SH:  0    Dex:  9    Spells: 2 memorised, 7 levels left

rFire  . . .     SeeInvis .       - Unarmed
rCold  . . .     Gourm    +     a - +0 robe
rNeg   + . .     Faith    +     (no shield)
rPois  .         Spirit   .     (helmet restricted)
rElec  .         Dismiss  .     q - +0 cloak (curse)
rCorr  .         Reflect  .     (gloves unavailable)
SustAt .         Harm     .     (boots unavailable)
MR     .....     Rnd*Tele +     u - amulet of faith
Stlth  +.........               j - ring of positive energy
                                A - ring of teleportation (curse)

@: not resistant to hostile enchantments, very unstealthy
A: unfitting armour, claws 3, fast metabolism 3, gourmand, regeneration 2,
shaggy fur 1, tough skin 2
a: Stomp, Renounce Religion


Innate Abilities, Weirdness & Mutations

You are too large for most types of armour.
You have claws for hands.
Your metabolism is lightning-fast.
You like to eat raw meat.
You heal very quickly.
You are covered in fur. (AC +1)
You have very tough skin. (AC +2)

Inventory:

Armour
 a - a +0 robe (worn)
 q - a cursed +0 cloak (worn)
Jewellery
 i - the ring "Ugusaew" {*Corrode rF+ Str+2 Dex+3}
   (You found it on level 1 of the Dungeon)

   [ring of strength]

   It affects your strength (+2).
   It affects your dexterity (+3).
   It protects you from fire.
   It may corrode you when you take damage.
 j - a ring of positive energy (right claw)
 u - an amulet of faith (around neck)
 A - a cursed ring of teleportation (left claw)
Wands
 d - a wand of flame (13/48)
 s - a wand of digging (11/24)
Scrolls
 c - a scroll of blinking
 e - a scroll of fog {unknown}
 l - a scroll of magic mapping {unknown}
 t - a scroll of amnesia
 x - 2 scrolls of remove curse {unknown}
 y - 2 scrolls of teleportation {unknown}
Potions
 b - a potion of flight {unknown}
 m - a potion of ambrosia {unknown}
 n - a potion of brilliance {unknown}
 r - a potion of might {unknown}
 v - 2 potions of lignification {unknown}
Comestibles
 f - 5 bread rations
 g - a beef jerky
 h - 2 meat rations
 p - a slice of pizza
 w - a royal jelly


   Skills:
 + Level 3.0 Fighting
 - Level 0.8 Throwing
 + Level 2.4 Armour
 + Level 3.1 Dodging
 * Level 5.2 Unarmed Combat
 - Level 2.1 Spellcasting
 - Level 2.9 Translocations
 + Level 1.0 Invocations


You had 7 spell levels left.
You knew the following spells:

 Your Spells              Type           Power        Failure   Level  Hunger
a - Apportation           Tloc           #.........   12%         1    ##.....
b - Blink                 Tloc           N/A          14%         2    ###....


You were on level 5 of the Dungeon.
You worshipped Uskayaw.
Uskayaw was aware of your devotion.
You were full.

You visited 2 branches of the dungeon, and saw 6 of its levels.

You collected 199 gold pieces.

#....# #...........##...
#....####)W..............
######....)[..<########...#'#.
#..........)#### #####...+_+.
#.........#..######...#)..#+##
#.<.......##.....#..........#
#.....##########.............#
####.## ####........>..... #.#
###@W..............# #.#
##...##.#...........# #.#
##....##......##...#.# #.##
#.....##..##.## ......
#..###.....###....# ##...
##.#.............###.#
##...#...............
#.................#
#......#####.......#

Notes
Turn   | Place    | Note
-------+----------+-------------------------------------------
     0 | D:1      | ololoev the Troll Warper began the quest for the Orb.
     0 | D:1      | Reached XP level 1. HP: 19/19 MP: 1/1
   120 | D:1      | Reached XP level 2. HP: 27/27 MP: 2/2
   128 | D:1      | Learned a level 2 spell: Blink
   405 | D:1      | Reached skill level 3 in Unarmed Combat
   466 | D:1      | Got a glittering glass ring
   471 | D:1      | Identified the ring "Ugusaew" {*Corrode rF+ Str+2 Dex+3} (You found it on level 1 of the Dungeon)
   538 | D:2      | Reached XP level 3. HP: 35/35 MP: 3/3
   724 | D:2      | Reached skill level 1 in Armour
   750 | D:2      | Reached XP level 4. HP: 42/42 MP: 5/5
   805 | D:2      | Found a glowing silver altar of Zin.
  1066 | D:2      | Found a runed door.
  1257 | D:2      | Noticed Crazy Yiuf
  1262 | D:2      | Killed Crazy Yiuf
  1551 | D:3      | Reached XP level 5. HP: 29/49 MP: 6/6
  1769 | D:3      | Noticed Sigmund
  1792 | D:3      | Killed Sigmund
  1792 | D:3      | Reached skill level 4 in Unarmed Combat
  1792 | D:3      | Reached XP level 6. HP: 39/58 MP: 7/7
  2097 | D:3      | Noticed Robin
  2105 | D:3      | Killed Robin
  2240 | D:3      | Found an oddly glowing altar of Pakellas.
  2247 | D:3      | Found a shadowy altar of Dithmenos.
  3249 | D:5      | Entered Level 5 of the Dungeon
  3254 | D:5      | Reached XP level 7. HP: 66/66 MP: 9/9
  3285 | D:5      | Found a staircase to the Ecumenical Temple.
  3296 | D:5      | Found a basalt altar of Yredelemnul.
  3316 | Temple   | Entered the Ecumenical Temple
  3394 | Temple   | Became a worshipper of Uskayaw the Reveler
  3464 | D:5      | Noticed tstbtto's ghost (novice HEFi)
  3468 | D:5      | Reached * piety under Uskayaw
  3472 | D:5      | Reached ** piety under Uskayaw
  3640 | D:5      | Reached skill level 5 in Unarmed Combat
  3652 | D:5      | Reached skill level 1 in Invocations
  3652 | D:5      | Reached *** piety under Uskayaw
  3683 | D:5      | Slain by tstbtto's ghost

Dungeon Overview and Level Annotations

Branches:
Dungeon (5/15)             Temple (1/1) D:5

Altars:
Ashenzari
Cheibriados
Dithmenos
Elyvilon
Fedhas
Gozag
Hepliaklqana
Makhleb
Okawaru
Pakellas
Qazlal
Ru
Sif Muna
Trog
Uskayaw
Vehumet
Yredelemnul
Zin
The Shining One

Annotations:
D:5 tstbtto's ghost, novice HEFi


Message History

You kill the centaur!
Your Dodging skill increases to level 3!
Your Invocations skill increases to level 1!
Uskayaw will force your foes to helplessly watch your dance.
A hound comes into view.
Found a scroll labeled FASTRA ZASO.
Things that are here:
an uncursed shortbow; 25 arrows The hound barks!
Tstbtto's ghost turns its malevolent gaze towards you.
The hound pauses to sniff the ground.
A worker ant zombie comes into view.
Use which ability? (? or * to list)
Okay, then.
You closely miss the hound. The hound bites you but does no damage.
You barely miss the hound. The hound bites you. The hound barely misses you.
You claw the hound! Your claw misses the hound.
The hound is heavily wounded.
The hound barely misses you.
Use which ability? (? or * to list)
Aiming: Line Pass
Press: ? - help, Dir - move target cursor, f - tstbtto's ghost
Aim: tstbtto's ghost, wielding a vorpal weapon You can't stand on top of the monster!
Aiming: Line Pass
Press: ? - help, Dir - move target cursor, p - tstbtto's ghost Tstbtto's ghost appears confused.
Tstbtto's ghost closely misses the hound.
The hound bites you.
Unknown command.
You scratch tstbtto's ghost but do no damage.
Tstbtto's ghost seems less confused.
The hound bites you but does no damage. Tstbtto's ghost hits you!
You miss the hound.
The hound is heavily wounded.
The hound bites you. Tstbtto's ghost hits you. The hound barely misses you.
The worker ant zombie waves its antennae.
The hound bites you but does no damage. The hound bites you.
The worker ant zombie bites you.
You can no longer pass through a line of other dancers.
The hound bites you but does no damage. The hound bites you.
You miss the hound.
The hound is heavily wounded.
The hound bites you but does no damage. The hound misses you.
You claw the hound!
The hound is almost dead.
The hound bites you but does no damage.
You completely miss the hound.
The hound is almost dead.
The hound bites you.
You barely miss the hound.
The hound is almost dead.
The hound bites you but does no damage. x2
You closely miss the hound.
The hound is almost dead.
The hound bites you but does no damage.
You barely miss the hound.
The hound is almost dead.
The hound bites you but does no damage.
You claw the hound!
You kill the hound!
You barely miss the worker ant zombie.
The worker ant zombie barely misses you.
You claw the worker ant zombie!
The worker ant zombie barely misses you.
You can now pass through a line of other dancers.
You mangle the worker ant zombie!!
You destroy the worker ant zombie!
Your Fighting skill increases to level 3!
Use which ability? (? or * to list)
Aiming: Line Pass
Press: ? - help, Dir - move target cursor Tstbtto's ghost appears confused.
You feel somewhat less full.
You can no longer pass through a line of other dancers.
You claw tstbtto's ghost!
Tstbtto's ghost is moderately damaged.
Tstbtto's ghost seems less confused.
Tstbtto's ghost hits you!
You die...

You could see tstbtto's ghost.

Vanquished Creatures
  Sigmund (D:3)
  A centaur (D:5)
  2 hounds
  A jelly (D:5)
  2 orc wizards (D:4)
  3 orc priests
  A giant frog skeleton (D:5)
  Crazy Yiuf (D:2)
  2 worker ants
  Robin (D:3)
  A worker ant zombie (D:5)
  8 adders
  2 worms
  A dart slug (D:2)
  4 giant geckos
  5 orcs
  14 bats
  4 giant cockroaches
  20 goblins
  9 hobgoblins
  A jackal (D:3)
  A quokka (D:3)
  3 ball pythons
  7 giant newts
  7 kobolds
  11 rats
113 creatures vanquished.

Action                   |  1- 3 |  4- 6 |  7- 9 || total
-------------------------+-------+-------+-------++-------
Melee: Unarmed           |   106 |   176 |    61 ||   343
       Punch             |       |     7 |     2 ||     9
Throw: Tomahawk          |       |     5 |       ||     5
Invok: Line Pass         |       |       |     2 ||     2
       Stomp             |       |       |     1 ||     1
  Use: Scroll            |       |       |     2 ||     2
  Eat: Chunk             |     6 |    29 |     2 ||    37
Armor: Robe              |    51 |    59 |    17 ||   127
Dodge: Dodged            |    69 |    72 |    27 ||   168

Vault maps used:
D:1:      tarquinn_simple_flora_water_e, minivault_5, st_stairs_7
D:2:      nicolae_overflow_crystal_walls, uniq_crazy_yiuf_cottage
D:3:      kennysheep_six_static_rooms, gammafunk_temple_overflow_pools,
          first_bread, uniq_sigmund, uniq_robin
D:5:      lemuel_coloured_pillars_altar, kennysheep_mini
Temple:   eino_wide_crystal_templ
